 Dungeon Crawl Stone Soup version 0.29-a0-1027-gcd8c55af63 (webtiles) character file.

Game seed: 3774932307267513321

973 bladeefan the Ruffian (level 7, -6/71 HPs)
             Began as a Troll Monk on Aug 12, 2022.
             Mangled by an orc warrior
             ... wielding a +0 hand axe
              (17 damage)
             ... on level 5 of the Dungeon.
             The game lasted 00:07:33 (2851 turns).

bladeefan the Ruffian (Troll Monk)                  Turns: 2851, Time: 00:07:34

Health: -6/71      AC:  4    Str: 22    XL:     7   Next: 94%
Magic:  6/6        EV: 12    Int:  6    God:
Gold:   184        SH:  0    Dex: 18    Spells: 6/6 levels left

rFire   . . .      SeeInvis .   u - +9 sword of Zonguldrok {reap}
rCold   . . .      Faith    .   (no shield)
rNeg    . . .      Spirit   .   a - +0 robe
rPois   .          Reflect  .   (helmet restricted)
rElec   .          Harm     .   (no cloak)
rCorr   .          Rampage  .   (gloves unavailable)
Will    .....                   (boots unavailable)
Stlth   ++........              (no amulet)
HPRegen 1.01/turn               g - ring of flight
MPRegen 0.10/turn               e - +6 ring of dexterity

@: flying
A: large, unfitting armour, claws 3, regeneration 1, shaggy fur 1, tough skin 1
a: no special abilities


You were on level 5 of the Dungeon.
You visited 1 branch of the dungeon, and saw 5 of its levels.

You collected 184 gold pieces.

Inventory:

Hand Weapons
 u - the +9 sword of Zonguldrok (weapon) {reap}
   (You found it on level 4 of the Dungeon)

   Any living foe damaged by it may be reanimated upon death as a zombie
   friendly to the wielder, with an increasing chance as more damage is dealt.
Missiles
 f - 2 throwing nets (quivered) {!f}
Armour
 a - a +0 robe (worn)
Jewellery
 e - a +6 ring of dexterity (right claw)
   (You found it on level 1 of the Dungeon)
 g - a ring of flight (left claw)
   (You found it on level 1 of the Dungeon)
 y - a ring of magical power
   (You found it on level 5 of the Dungeon)
Wands
 t - a wand of flame (6)
   (You took it off Sigmund on level 3 of the Dungeon)
Scrolls
 d - 3 scrolls of summoning {unknown}
 h - 6 scrolls of identify {unknown}
 i - a scroll of vulnerability {unknown}
 n - 2 scrolls of noise {unknown}
 o - a scroll of torment {unknown}
 s - a scroll of amnesia {unknown}
 v - a scroll of teleportation {unknown}
 w - a scroll of fear {unknown}
Potions
 b - a potion of ambrosia
 c - 2 potions of mutation {unknown}
 j - 2 potions of magic {unknown}
 k - 2 potions of heal wounds {unknown}
 l - 3 potions of might {unknown}
 m - a potion of resistance {unknown}
 p - 2 potions of haste {unknown}
 q - a potion of cancellation {unknown}
 r - a potion of degeneration {unknown}
 x - a potion of brilliance {unknown}


   Skills:
 + Level 4.4 Fighting
 * Level 3.0 Long Blades
 + Level 4.5 Dodging
 - Level 1.0 Stealth
 - Level 5.9 Unarmed Combat


You had 6 spell levels left.
You didn't know any spells.
Your spell library contained the following spells:

 Spells                   Type           Power      Damage    Failure   Level
 Magic Dart               Conj           0%         1d3       45%         1
 Sting                    Tmut/Pois      0%         1d3       45%         1
 Blink                    Tloc           0%         N/A       58%         2
 Call Imp                 Summ           0%         N/A       58%         2
 Searing Ray              Conj           0%         2d4       58%         2
 Lesser Beckoning         Tloc           0%         N/A       83%         3
 Mephitic Cloud           Conj/Pois/Air  0%         N/A       83%         3
 Fulminant Prism          Conj/Hex       0%         3d6       99%         4
 Manifold Assault         Tloc           0%         N/A       100%        5


Dungeon Overview and Level Annotations

Branches:
Dungeon (5/15)
 Temple: D:4-7

Altars:

Shops:
D:2 ?


Innate Abilities, Weirdness & Mutations

You are too large for most types of armour.
You have claws for hands.
Your natural rate of healing is unusually fast.
You are covered in fur. (AC +1)
You have tough skin. (AC +1)


Message History

You kill the orc!
Found 6 stones.
Things that are here:
a +0 club; a +0 leather armour You closely miss the orc warrior.
Duvessa hits the orc warrior but does no damage.
The orc warrior hits you with a +0 hand axe!
* * * LOW HITPOINT WARNING * * *
The orc warrior hits Duvessa with a +0 hand axe!
The orc barely misses you.
You swap places.
The orc attacks as you move away! The orc hits you but does no damage.
The orc hits Duvessa with a +0 short sword.
The orc warrior hits you with a +0 hand axe.
* * * LOW HITPOINT WARNING * * *
The orc warrior hits Duvessa with a +0 hand axe!
The orc warrior hits your orc zombie with a +0 hand axe.
Duvessa barely misses the orc warrior.
The orc warrior attacks as you move away!
The orc warrior closely misses you.
The orc warrior hits Duvessa with a +0 hand axe!
Duvessa is destroyed!
The orc warrior hits your orc zombie with a +0 hand axe.
Your orc zombie is destroyed!
Dowan hits the orc but does no damage.
Things that are here:
a +2 short sword of speed; a +0 scale mail You closely miss the orc warrior.
The orc barely misses Dowan.
The orc warrior hits you with a +0 hand axe!
* * * LOW HITPOINT WARNING * * *
The orc warrior hits Dowan with a +0 hand axe!
Dowan hits the orc but does no damage.
The orc hits Dowan with a +0 short sword.
The orc warrior closely misses you.
The orc warrior hits Dowan with a +0 hand axe!
Dowan is destroyed!
You barely miss the orc warrior.
The orc warrior hits you with a +0 hand axe.
* * * LOW HITPOINT WARNING * * *
Things that are here:
a +0 dagger; a +0 robe You barely miss the orc.
The orc closely misses you.
You slice the orc!!
You kill the orc!
The orc warrior hits you with a +0 hand axe!
* * * LOW HITPOINT WARNING * * *
The orc warrior hits your orc zombie with a +0 hand axe.
The orc warrior attacks as you move away!
The orc warrior hits you with a +0 hand axe!
You die...

#...#..#
###...#..#
.......<.#
####...#..# (.
#...#..# .
#......# ##. ###
#.#.#.## ... ..#
#.....# #.##.#
###@### ##.#....#
#o#
........#######.#
#.....).)).Z...#
#.........#######
..........#
..........#
###....#### #..<.


You could see an orc warrior.

Vanquished Creatures
  Sigmund (D:3)
  Duvessa (D:5)
  A phantom (D:5)
  A scorpion (D:4)
  Dowan (D:5)
  3 hounds
  2 orc priests
  2 jellies
  Terence (D:3)
  Jessica (D:2)
  An iguana (D:4)
  2 orc wizards (D:2)
  5 adders
  A worm (D:4)
  5 dart slugs
  12 orcs
  9 endoplasms
  5 giant cockroaches
  16 hobgoblins
  6 kobolds
  3 quokkas
  4 ball pythons
  7 bats
  3 frilled lizards (D:3)
  6 goblins
  7 rats
106 creatures vanquished.

Vanquished Creatures (collateral kills)
  A hound (D:4)
  A ball python (D:4)
2 creatures vanquished.

Vanquished Creatures (others)
  A hound zombie (D:5)
  2 elf zombies (D:5)
  A giant cockroach zombie (D:4)
  An orc zombie (D:5)
5 creatures vanquished.

Grand Total: 113 creatures vanquished

Notes
Turn   | Place    | Note
-------+----------+-------------------------------------------
     0 | D:1      | bladeefan the Troll Monk began the quest for the Orb.
     0 | D:1      | Reached XP level 1. HP: 22/22 MP: 0/0
   149 | D:1      | Reached XP level 2. HP: 27/29 MP: 1/1
   401 | D:1      | Reached XP level 3. HP: 31/36 MP: 2/2
   590 | D:2      | Noticed Jessica
   600 | D:2      | Killed Jessica
   601 | D:2      | Reached skill level 4 in Unarmed Combat
   637 | D:2      | Reached XP level 4. HP: 41/45 MP: 3/3
   787 | D:2      | Reached XP level 5. HP: 53/53 MP: 4/4
   999 | D:2      | Reached skill level 5 in Unarmed Combat
  1046 | D:2      | Found Reulu's Magic Scroll Emporium.
  1331 | D:3      | Noticed Terence
  1341 | D:3      | Killed Terence
  1350 | D:3      | Found a faded altar of an unknown god.
  1363 | D:3      | Got Plato's Directory of Permutations
  1451 | D:3      | Reached XP level 6. HP: 58/61 MP: 5/5
  1708 | D:3      | Noticed Sigmund
  1717 | D:3      | Killed Sigmund
  2159 | D:4      | Found the +9 sword of Zonguldrok {reap}
  2273 | D:4      | Reached XP level 7. HP: 46/68 MP: 6/6
  2314 | D:4      | Reached skill level 1 in Long Blades
  2769 | D:5      | Entered Level 5 of the Dungeon
  2815 | D:5      | Noticed Duvessa
  2816 | D:5      | Noticed Dowan
  2828 | D:5      | Killed Duvessa
  2832 | D:5      | Killed Dowan
  2838 | D:5      | Your ally Duvessa died
  2839 | D:5      | Your ally Dowan died
  2851 | D:5      | Mangled by an orc warrior

Illustrated notes

Levels and vault maps discovered:
D:1:      lemuel_arrival_funnel, layout_loops_ring
D:2:      layout_loops_ring, serial_shops, shop, minmay_tromino_v2, uniq_jessica
D:3:      layout_basic, shapermc_ecumenical_altar_rom_forum, uniq_terence,
          uniq_sigmund
D:4:      layout_loops_ring, minmay_goblin_kobold_house
D:5:      layout_loops_corners, uniq_duvessa

Skill      XL: |  1  2  3  4  5  6  7 |
---------------+----------------------+-----
Unarmed Combat | 4 5 |  5.9
Fighting       | 3 4 |  4.4
Dodging        | 3 4 |  4.5
Long Blades    | 3 |  3.0
Stealth        | |  1.0

Action                   |  1- 3 |  4- 6 |  7- 9 || total
-------------------------+-------+-------+-------++-------
Melee: Unarmed           |    65 |   130 |       ||   195
       Punch             |     2 |     1 |     1 ||     4
       Double sword      |       |     8 |    43 ||    51
 Stab: Sleeping          |     3 |     3 |     1 ||     7
Armor: Robe              |    18 |    35 |    11 ||    64
Dodge: Dodged            |    24 |    70 |    35 ||   129

Table legend: (Time is in decaauts)
 A = Elapsed time spent in this place.
 B = Non-inter-level travel time spent in this place.
 C = Inter-level travel time spent in this place.
 D = Time resting spent in this place.
 E = Time spent auto-exploring this place.
 F = Levels seen in this place.
 G = Mean time per level.
                   A        B        C        D        E       F      G
               +--------+--------+--------+--------+--------+-----+--------+
         Total |   2853 |   2762 |     91 |      0 |   2072 |   5 |  570.6 |
       Dungeon |   2853 |   2762 |     91 |      0 |   2072 |   5 |  570.6 |
               +--------+--------+--------+--------+--------+-----+--------+

Top non-repeatable levels by time:
     D:4: 851 daAuts
     D:2: 713 daAuts
     D:3: 614 daAuts
     D:1: 585 daAuts
     D:5: 89 daAuts
